 Dungeon Crawl Stone Soup version 0.29.0-4-gdea44cf6ec (webtiles) character file.

Game seed: 9332433954115087460

21 qw the Chopper (level 2, -1/17 HPs)
             Began as a Tengu Warper on Aug 29, 2022.
             Killed from afar by Natasha (9 damage)
             ... with a magic dart
             ... on level 2 of the Dungeon.
             The game lasted 00:00:20 (1162 turns).

qw the Chopper (Tengu Warper)                       Turns: 1162, Time: 00:00:21

Health: -1/17      AC:  6    Str: 17    XL:     2   Next: 83%
Magic:  6/6        EV: 10    Int: 13    God:
Gold:   44         SH:  0    Dex: 13    Spells: 5/5 levels left

rFire   . . .      SeeInvis .   Y - +1 hand axe
rCold   . . .      Faith    .   (no shield)
rNeg    . . .      Spirit   .   d - +0 scale mail
rPois   .          Reflect  .   (helmet restricted)
rElec   .          Harm     .   (no cloak)
rCorr   .          Rampage  .   (no gloves)
Will    .....                   (boots unavailable)
Stlth   ..........              (no amulet)
HPRegen 0.05/turn               e - +6 ring of strength
MPRegen 0.10/turn               (no ring)

@: slowed, very slow
A: beak, talons 3
a: no special abilities


You were on level 2 of the Dungeon.
You visited 1 branch of the dungeon, and saw 2 of its levels.

You collected 74 gold pieces.
You spent 30 gold pieces at shops.


Innate Abilities, Weirdness & Mutations

You have a beak for a mouth.
You have claws for feet.


   Skills:
 - Level 2.0 Fighting
 + Level 3.6 Axes
 - Level 1.0 Throwing
 - Level 1.1 Armour
 - Level 2.1 Dodging
 - Level 2.0 Spellcasting
 - Level 2.4 Translocations


You had 5 spell levels left.
You didn't know any spells.
Your spell library contained the following spells:

 Spells                   Type           Power      Damage    Failure   Level
 Blink                    Tloc           14%        N/A       45%         2
 Gell's Gravitas          Tloc           7%         N/A       71%         3
 Lesser Beckoning         Tloc           7%         N/A       71%         3
 Teleport Other           Tloc           7%         N/A       71%         3
 Manifold Assault         Tloc           7%         N/A       100%        5

Inventory:

Hand Weapons
 Y - a +1 hand axe (weapon)
Armour
 d - a +0 scale mail (worn)
Jewellery
 e - a +6 ring of strength (left hand)
Scrolls
 b - 2 scrolls of immolation {unknown}
 c - a scroll of enchant armour {unknown}
 h - a scroll of poison {unknown}
Potions
 a - a potion of magic {unknown}
 f - 2 potions of curing
 g - a potion of heal wounds {unknown}

Dungeon Overview and Level Annotations

Branches:
Dungeon (2/15)

Altars:

Shops:
D:1 :!((

Annotations:
D:2 Natasha


Message History

You kill the frilled lizard!
Found a stone staircase leading down.
An endoplasm and a ball python come into view.
Found a scroll labelled XORASAONTE.
The ball python hisses angrily.
You hit the endoplasm. You claw the endoplasm.
The endoplasm is almost dead.
The endoplasm closely misses you.
A goblin comes into view. It is wielding a +0 dagger.
The endoplasm freezes you.
You are frozen.
The goblin moves out of view.
You slash the endoplasm!
You kill the endoplasm!
You hit the ball python.
You kill the ball python!
You start resting.
HP restored.
You see here the +5 short sword "Ruyhump" {venom, rElec Int-3 SInv}.
Found 8 stones.
You now have 33 gold pieces (gained 3).
g - an orange potion A rat comes into view.
You slash the rat!
You kill the rat!
You see here a rat corpse.
h - a scroll labelled XORASAONTE You now have enough gold to buy a +0 war axe on D:1.
You can access your shopping list by pressing '$'.
You now have 44 gold pieces (gained 11).
Natasha, Servant of Life and Death comes into view.
She is carrying a wand of flame (12).
Natasha zaps a wand.
The puff of flame hits you.
Natasha wildly gestures.
You feel troubled. Natasha casts a spell at you.
You feel yourself slow down.
Natasha zaps a wand.
The puff of flame hits you.
Natasha stares at you and mumbles some strange words.
The magic dart hits you!
Ouch! That really hurt!
You die...

###......####.# #.#............
###........%##..#
#.#...%......##
...............####.#.<.......##
..........)......##.#.........#
##...............##.#.........#
###.......................$....#
..........#..........#..######..
######...............$.## ##
#>..%......@..##.##
#...........>.h..#
#..................
#............##....
#...(..###.#.# ... #......#
..#.. .# #......# ###.#. #
##...... .. #.......


You could see Natasha.

Vanquished Creatures
  A worm (D:2)
  2 ball pythons (D:2)
  A bat (D:2)
  An endoplasm (D:2)
  2 giant cockroaches
  2 goblins (D:1)
  2 hobgoblins
  A quokka (D:1)
  2 frilled lizards (D:2)
  2 rats
16 creatures vanquished.

Notes
Turn   | Place    | Note
-------+----------+-------------------------------------------
     0 | D:1      | qw the Tengu Warper began the quest for the Orb.
     0 | D:1      | Reached XP level 1. HP: 12/12 MP: 4/4
     0 | D:1      | 0 ||| qw: Version: 0.1-a-89-g26bdef1
     0 | D:1      | 0 ||| qw: Game counter: 3513
     0 | D:1      | 0 ||| qw: Always use a shield: true
     0 | D:1      | 0 ||| qw: God list: Okawaru
     0 | D:1      | 0 ||| qw: Allow faded altars: false
     0 | D:1      | 0 ||| qw: Do Orc after D:15 true
     0 | D:1      | 0 ||| qw: Do second Lair branch before Depths: true
     0 | D:1      | 0 ||| qw: Lair rune preference: random
     0 | D:1      | 0 ||| qw: Plans: Normal
     0 | D:1      | 0 ||| PLANNING D:1-11
   158 | D:1      | Found Oripojo's Weapon Emporium.
   165 | D:1      | 165 ||| SHOPLISTING +0 war axe (35 gold, have 17).
   165 | D:1      | 165 ||| SHOPLISTING +2 vorpal hand axe (165 gold, have 17).
   182 | D:1      | Found Xullimp's Book Shoppe.
   304 | D:1      | Reached skill level 3 in Axes
   304 | D:1      | Reached XP level 2. HP: 17/17 MP: 6/6
   334 | D:1      | Found Vimiux's Antique Weapon Shoppe.
   346 | D:1      | 346 ||| SHOPLISTING whip (55 gold, have 43).
   386 | D:1      | Found Nupyxzibb's Distillery.
   394 | D:1      | 394 ||| BUYING potion of curing (30 gold).
   394 | D:1      | Bought a potion of curing for 30 gold pieces
   394 | D:1      | 394 ||| SHOPLISTING potion of curing (30 gold, have 13).
   536 | D:1      | Found a faded altar of an unknown god.
   605 | D:1      | 605 ||| UPGRADING to +0 scale mail.
   615 | D:1      | 615 ||| DROPPING +0 leather armour.
   616 | D:1      | 616 ||| UPGRADING to +6 ring of strength.
   617 | D:1      | 617 ||| READING scroll labelled HAVVUXT NECRE.
   618 | D:1      | 618 ||| DROPPING scroll of blinking.
   761 | D:2      | HP: 2/17 [worm (8)]
  1113 | D:2      | Identified the +5 short sword "Ruyhump" {venom, rElec Int-3
                  | SInv}
  1159 | D:2      | Noticed Natasha
  1162 | D:2      | Killed from afar by Natasha

Levels and vault maps discovered:
D:1:      roderic_crossed_star, layout_basic, serial_shops, nicolae_shop_trees,
          nicolae_shop_bloodbath_and_beyond, shop_statue, nicolae_shop_stone,
          hellmonk_ecumenical_altar_leap_of_faith
D:2:      layout_rooms, pf_guarded_unrand_delatra, uniq_natasha, uniq_jessica,
          uniq_terence

Skill      XL: |  1 |
---------------+----+-----
Axes           | 3 |  3.6
Fighting       | |  2.0
Throwing       | |  1.0
Armour         | |  1.1
Dodging        | |  2.1
Spellcasting   | |  2.0
Translocations | |  2.4

Action                   || total
-------------------------++-------
Melee: Hand axe          ||    32
       Kick              ||     7
       Peck              ||     6
       Punch             ||     1
Throw: Boomerang         ||     7
  Use: Scroll            ||     1
Armor: Leather armour    ||     1
       Scale mail        ||     3
Dodge: Dodged            ||     9

Table legend:
 A = Non-vault XP
 B = Vault XP
 C = Vault XP percentage of total XP
 D = Non-vault monster count
 E = Vault monster count
 F = Vault count percentage of total count
                 A         B        C        D         E       F
            +---------+---------+-------+---------+---------+-------
      Total |      30 |       0 |   0.0 |      16 |       0 |   0.0
            +---------+---------+-------+---------+---------+-------
        D:1 |      11 |       0 |   0.0 |       6 |       0 |   0.0
        D:2 |      19 |       0 |   0.0 |      10 |       0 |   0.0
            +---------+---------+-------+---------+---------+-------
